 Dungeon Crawl Stone Soup version 0.22.1-1-ga44c0e5 (webtiles) character file.

94 Fang the Skirmisher (level 4, -7/29 HPs)
             Began as a Gargoyle Berserker on Sept 24, 2018.
             Was a Follower of Trog.
             Killed by divine providence
             ... invoked by an orc priest
              (12 damage)
             ... on level 3 of the Dungeon.
             The game lasted 00:02:17 (2461 turns).

Fang the Skirmisher (Gargoyle Berserker)            Turns: 2461, Time: 00:02:17

Health: -7/29      AC:  5    Str: 21    XL:     4   Next: 63%
Magic:  4/4        EV: 12    Int:  8    God:    Trog [*.....]
Gold:   85         SH:  0    Dex:  9    Spells: 3/3 levels left

rFire    . . .     SeeInvis .   a - +0 hand axe
rCold    . . .     Gourm    .   (no shield)
rNeg     + . .     Faith    .   b - +0 animal skin
rPois    ∞         Spirit   .   (no helmet)
rElec    +         Reflect  .   l - scarf {repulsion}
rCorr    .         Harm     .   (no gloves)
MR       .....                  (no boots)
Stlth    +.........             (no amulet)
HPRegen  0.09/turn              (no ring)
MPRegen  0.09/turn              (no ring)

@: berserk cooldown, slowed, repel missiles, very slow
A: negative energy resistance 1, electricity resistance, unbreathing,
petrification resistance, rot immunity, AC +3
a: Berserk, Renounce Religion


You were on level 3 of the Dungeon.
You worshipped Trog.
Trog was aware of your devotion.
You were hungry.

You visited 1 branch of the dungeon, and saw 3 of its levels.

You collected 85 gold pieces.

Inventory:

Hand Weapons
 a - a +0 hand axe (weapon)
Armour
 b - a +0 animal skin (worn)
 l - a scarf of repulsion (worn)
Jewellery
 p - an uncursed amulet of rage {unknown}
Scrolls
 g - a scroll of identify {unknown}
 h - 2 scrolls of enchant armour {unknown}
 i - 4 scrolls of teleportation {unknown}
 n - 3 scrolls of remove curse {unknown}
 o - a scroll of random uselessness {unknown}
Potions
 d - 6 potions of lignification {unknown}
 e - a potion of might {unknown}
 f - a potion of brilliance {unknown}
 j - 2 potions of curing {unknown}
 k - a potion of haste {unknown}
 m - a potion of flight {unknown}
Comestibles
 c - 4 rations


   Skills:
 + Level 4.0 Fighting
 + Level 3.7 Axes
 + Level 2.3 Armour
 + Level 2.3 Dodging
 + Level 0.1 Stealth


You had 3 spell levels left.
You didn't know any spells.
Your spell library was empty.

Dungeon Overview and Level Annotations

Branches:
Dungeon (3/15)

Altars:

Annotations:
D:3 Grinder


Innate Abilities, Weirdness & Mutations

You are resistant to torment.
Your stone body is resilient. (AC +3)
You are immune to poison.
You resist negative energy. (rN+)
You are resistant to electric shocks. (rElec)
You can survive without breathing.
You are immune to petrification.
You are immune to rotting.


Message History

You barely miss the orc.
Unknown command.
You slice the orc!!
You kill the orc!
Trog accepts your kill.
You are no longer berserk.
Trog's vigour flows through your veins.
You are exhausted.
You feel yourself slow down.
You hit the orc priest but do no damage.
You closely miss the orc priest. You hit the orc but do no damage.
The orc priest invokes the aid of Beogh against you.
Beogh smites you!
* * * LOW HITPOINT WARNING * * *
The orc priest hits you but does no damage.
The orc hits you with a club.
* * * LOW HITPOINT WARNING * * *
The orc priest invokes the aid of Beogh against you.
Beogh smites you!
You die...

#.# #..)...#..>......#
#.# #......#########.#
##.###......#.....# #.#
#####
#...<#......#.###[###.#
...# #..###......#.#
#.....# #.###..#
#...####.#########
#......# #.........#
#.####.# #.........#
#.# #.# #...o@...)#
###.## #.# ###ooo....#
...[.# ..# .....5....#
...#.# #.##.........$#
.#.#.# .#<..........#
.#.#.. #........(..#
.#..... #...........+
.#.....# ##..........#
.#.....#


You could see Grinder, 3 orc priests and an orc.

Vanquished Creatures
  5 adders
  An ooze (D:2)
  2 worms (D:2)
  3 dart slugs
  2 orcs (D:3)
  4 bats
  2 giant cockroaches
  2 goblins (D:1)
  2 hobgoblins (D:2)
  3 frilled lizards
  3 kobolds (D:2)
  7 rats
36 creatures vanquished.

Notes
Turn   | Place    | Note
-------+----------+-------------------------------------------
     0 | D:1      | Fang the Gargoyle Berserker began the quest for the Orb.
     0 | D:1      | Reached XP level 1. HP: 14/14 MP: 1/1
   487 | D:1      | Reached XP level 2. HP: 19/19 MP: 2/2
  1038 | D:2      | Reached XP level 3. HP: 19/24 MP: 3/3
  1743 | D:2      | Reached XP level 4. HP: 20/29 MP: 4/4
  2309 | D:3      | Reached skill level 4 in Fighting
  2457 | D:3      | Noticed Grinder
  2461 | D:3      | Killed from afar by an orc priest

Skill      XL: |  1  2  3  4 |
---------------+-------------+-----
Axes           | 3 |  3.7
Dodging        | 2 |  2.3
Fighting       | 4 |  4.0
Armour         | |  2.3
Stealth        | |  0.1

Action                   |  1- 3 |  4- 6 || total
-------------------------+-------+-------++-------
Melee: Hand axe          |   122 |    61 ||   183
Invok: Berserk           |     2 |     1 ||     3
  Eat: Chunk             |     2 |     2 ||     4
       Ration            |     1 |       ||     1
Armor: Animal skin       |    44 |    21 ||    65
Dodge: Dodged            |    93 |    31 ||   124
       Deflected         |     1 |       ||     1
